 Dungeon Crawl Stone Soup version 0.30.0-18-gc0e69614cb (webtiles) character file.

Game seed: 18250033448129080374

642 unlimited1921 the Magician (level 7, -6/47 HPs)
             Began as a Djinni Fire Elementalist on May 24, 2023.
             Killed by an exploding hexenhour's ghost (13 damage)
             ... ignited by their inner flame
             ... on level 4 of the Dungeon on May 25, 2023.
             The game lasted 00:15:56 (9094 turns).

unlimited1921 the Magician (DjFE)                   Turns: 9094, Time: 00:15:58

Health: -6/47      AC:  3    Str:  7    XL:     7   Next: 81%
Gold:   167        EV: 13    Int: 18    God:
                   SH:  0    Dex: 14

rFire   + + .        q - +0 demon blade
rCold   x . .        (no shield)
rNeg    . . .        a - +0 robe
rPois   ∞            s - +0 helmet
rElec   .            (no cloak)
rCorr   +            (no gloves)
SInv    .            (boots unavailable)
Will    .....        (no amulet)
Stlth   ++           e - ring of resist corrosion
HPRegen 0.27/turn    (no ring)
MPRegen 0.00/turn

%: infuse magic (-7 HP)
@: immotile, flying, hasted, very quick
A: sickness immunity, fire resistance 2, cold vulnerability 1, float, innate
caster, HP casting, extra vitality 1
a: no special abilities


You were on level 4 of the Dungeon.
You visited 1 branch of the dungeon, and saw 4 of its levels.

You collected 167 gold pieces.

Inventory:

Hand Weapons
 m - a +0 dagger of venom
 p - a +0 executioner's axe
 q - a +0 demon blade (weapon)
 v - a +1 short sword of draining
Armour
 a - a +0 robe (worn)
 s - a +0 helmet (worn)
 t - a +1 pair of gloves
 w - a +0 leather armour
Jewellery
 e - a ring of resist corrosion (left hand)
Scrolls
 c - a scroll of torment {unknown}
 d - 2 scrolls of magic mapping {unknown}
 g - 2 scrolls of teleportation {unknown}
 h - 3 scrolls of identify {unknown}
 l - 2 scrolls of blinking {unknown}
 r - 3 scrolls of noise {unknown}
 u - a scroll of vulnerability {unknown}
Potions
 b - a potion of might {unknown}
 f - 2 potions of heal wounds {unknown}
 i - 3 potions of curing {unknown}
 j - a potion of lignification {unknown}
 k - 2 potions of haste
 n - a potion of mutation {unknown}
 o - 2 potions of flight {unknown}


   Skills:
 + Level 1.0 Fighting
 + Level 1.7 Long Blades
 + Level 2.9 Dodging
 + Level 2.9 Stealth
 + Level 5.6 Spellcasting


You knew the following spells:

 Your Spells              Type           Power      Damage    Failure   Level
a - Foxfire               Conj/Fire      100%       2x1d9     1%          1
b - Scorch                Fire           50%        2d7       1%          2
c - Volatile Blastmotes   Fire/Tloc      50%        2d14      3%          3
d - Inner Flame           Hex/Fire       25%        N/A       3%          3
e - Flame Wave            Conj/Fire      25%        2d8       12%         4
f - Necrotise             Necr           100%       1d9       1%          1
g - Momentum Strike       Conj/Tloc      50%        3d9       1%          2
h - Lesser Beckoning      Tloc           50%        N/A       1%          2
Your spell library was empty.

Dungeon Overview and Level Annotations

Branches:
Dungeon (4/15)
 Temple: D:4-7

Altars:
Dithmenos
Qazlal

Annotations:
D:4 1 runed translucent door, Crazy Yiuf


Innate Abilities, Weirdness & Mutations

You are immune to sickness and miasma.
You are immune to poison.
Your flesh is very heat resistant. (rF++)
You are vulnerable to cold. (rC-)
You float through the air rather than walking.
You learn spells naturally, not from books.
Your magical power is your life essence.
You have superior vitality. (+4 MHP)


Message History

Confirm with . or Enter, or press ? or * to list all spells.
Aiming: Momentum Strike (safe; 1% risk of failure)
Press: ? - help, Dir - move target, f/p - hexenhour's ghost
Aim: hexenhour's ghost, wielding a weapon of protection (lightly damaged, inner flame, 77% to hit)
The concentrated momentum hits hexenhour's ghost!
Flame seeps out of hexenhour's ghost.
Hexenhour's ghost is moderately damaged.
You are unable to move.
Hexenhour's ghost is engulfed in blazing flames.
Flame seeps out of hexenhour's ghost.
Hexenhour's ghost hits you.
Casting: Momentum Strike (safe; 1% risk of failure)
Confirm with . or Enter, or press ? or * to list all spells.
You cannot redirect your momentum while unable to move.
Casting: Momentum Strike (safe; 1% risk of failure)
Confirm with . or Enter, or press ? or * to list all spells.
Flames lash hexenhour's ghost but do no damage.
Hexenhour's ghost is engulfed in blazing flames.
Flame seeps out of hexenhour's ghost.
Hexenhour's ghost says very slowly, "There's no hope."
Hexenhour's ghost hits you.
Casting: Scorch (safe; 1% risk of failure)
Confirm with . or Enter, or press ? or * to list all spells.
Flames lash hexenhour's ghost but do no damage.
Hexenhour's ghost is engulfed in blazing flames.
Flame seeps out of hexenhour's ghost.
Hexenhour's ghost hits you!
* * * LOW HITPOINT WARNING * * *
Unknown command.
Casting: Scorch (safe; 1% risk of failure)
Confirm with . or Enter, or press ? or * to list all spells.
Flames lash hexenhour's ghost.
Flame seeps out of hexenhour's ghost.
Hexenhour's ghost is severely damaged.
Hexenhour's ghost's fire resistance burns away.
* * * LOW HITPOINT WARNING * * *
Hexenhour's ghost is engulfed in blazing flames.
Flame seeps out of hexenhour's ghost.
Hexenhour's ghost barely misses you.
It was a potion of haste.
You feel yourself speed up.
Hexenhour's ghost is engulfed in blazing flames.
Hexenhour's ghost explodes!
The fiery explosion engulfs you! You resist.
You die...

.#.## #..................# #####
..## #..................# .##
#......(...........#
.################.........#
.........# #...###'''########
##.......# #...#ZW.....##....
##.......# #§§.##.....###.##.
##.......# #○§.#.......##.##.
##)......# #@§.##.$!..###.##.
##.......#######...#..#.#..##.###
##.......'....##..(##########.#
##.......####.##...'.......##.#
##.......# #.##...#######.##.#
########## #.##...# #......# _#
#.#....# #.#.#### ..8# #.#....#
#.#.# ...####.#.#### #†#.#


There were no monsters in sight!

Vanquished Creatures
  The ghost of hexenhour the Chopper, an amateur MiFi (D:4)
  Eustachio (D:4)
  A wyvern zombie (D:4)
  A bullfrog zombie (D:4)
  3 hounds (D:4)
  An orc priest (D:4)
  A jelly (D:4)
  2 iguanas (D:4)
  An orc wizard (D:3)
  4 gnolls (D:4)
  3 adders
  A worm (D:2)
  4 dart slugs
  14 orcs
  5 ball pythons
  4 bats (D:2)
  8 endoplasms
  4 giant cockroaches
  6 goblins
  7 hobgoblins
  4 jackals (D:2)
  3 quokkas
  7 frilled lizards
  10 kobolds
  8 rats
104 creatures vanquished.

Vanquished Creatures (others)
  347 foxfires
347 creatures vanquished.

Grand Total: 451 creatures vanquished

Notes
Turn   | Place    | Note
-------+----------+-------------------------------------------
     0 | D:1      | unlimited1921 the Djinni Fire Elementalist began the quest
                  | for the Orb.
     0 | D:1      | unlimited1921 set off with the following spells memorised:
                  | Foxfire, Scorch, Volatile Blastmotes, Inner Flame, Flame
                  | Wave.
     0 | D:1      | Reached XP level 1. HP: 15/15 MP: 0/0
   378 | D:1      | Reached XP level 2. HP: 15/21 MP: 0/0
  1571 | D:1      | Reached skill level 3 in Spellcasting
  1571 | D:1      | Reached XP level 3. HP: 17/25 MP: 0/0
  1571 | D:1      | Learned a level 1 spell: Necrotise
  2627 | D:2      | Reached XP level 4. HP: 30/31 MP: 0/0
  5056 | D:3      | Reached XP level 5. HP: 28/35 MP: 0/0
  5056 | D:3      | Learned a level 2 spell: Momentum Strike
  6633 | D:4      | Reached skill level 4 in Spellcasting
  6985 | D:4      | Reached XP level 6. HP: 34/40 MP: 0/0
  7159 | D:4      | Reached skill level 1 in Long Blades
  7397 | D:4      | Found a shadowy altar of Dithmenos.
  7398 | D:4      | Found a stormy altar of Qazlal.
  7529 | D:4      | Found a runed translucent door.
  7530 | D:4      | Noticed Crazy Yiuf
  7602 | D:4      | Found a runed translucent gate.
  7602 | D:4      | Found a runed translucent gate.
  7602 | D:4      | Found a runed translucent gate.
  7713 | D:4      | Noticed hexenhour's ghost (amateur MiFi)
  8132 | D:4      | Noticed Eustachio
  8138 | D:4      | Killed Eustachio
  8139 | D:4      | Reached skill level 5 in Spellcasting
  8139 | D:4      | Reached XP level 7. HP: 41/46 MP: 0/0
  8139 | D:4      | Learned a level 2 spell: Lesser Beckoning
  8912 | D:4      | Reached skill level 1 in Fighting
  9094 | D:4      | Killed hexenhour's ghost
  9094 | D:4      | Killed by an exploding hexenhour's ghost... ignited by
                  | their inner flame

Illustrated notes

Levels and vault maps discovered:
D:1:      scummos_arrival_simple_crosswalls, layout_loops_cross,
          dk_noncrumbling_4, minmay_misc_feat_columns
D:2:      layout_basic
D:3:      layout_basic
D:4:      minmay_inner_zag, layout_basic, nicolae_overflow_hidden_temple,
          gammafunk_ghost_necromancy, uniq_eustachio, uniq_crazy_yiuf_cottage

Skill      XL: |  1  2  3  4  5  6  7 |
---------------+----------------------+-----
Spellcasting   | 3 4 5 |  5.6
Stealth        | 2 |  2.9
Long Blades    | 1 |  1.7
Fighting       | 1 |  1.0
Dodging        | |  2.9

Action                     |  1- 3 |  4- 6 |  7- 9 || total
---------------------------+-------+-------+-------++-------
  Melee: Demon blade       |       |    20 |       ||    20
   Cast: Foxfire           |   100 |    91 |    30 ||   221
         Scorch            |     1 |    32 |    14 ||    47
         Inner Flame       |       |     5 |     2 ||     7
         Momentum Strike   |       |     4 |     1 ||     5
         Necrotise         |       |     5 |       ||     5
         Volatile Blastmot |       |       |     2 ||     2
    Use: Potion            |       |       |     1 ||     1
   Stab: Sleeping          |       |     2 |       ||     2
 Armour: Robe              |     2 |     6 |     1 ||     9
  Dodge: Dodged            |     4 |    22 |    10 ||    36
